Unix NetHack Version 5.0.0-0 post-release - last build May  4 2026 22:22:43 (774f63e81ad911689b3a0859ea89b322d5daca8d,branch:main).

Game began 2026-05-08 12:04:10, ended 2026-05-08 13:02:17.

BSL2425737, lawful female dwarven Valkyrie

  ----      ---      ---
  |..|      |..--  ---.-                --.-                         -----
 --^.---  ---...|.--....                |...                         |...|
 ......|.....?.........-                |(.-                       ---...--
 ......................--               |..|                       |(.....|
 -............|.........--      --..|   --.|---                    |....^.---
 -........-.-     ---.....-    --...|    |.--.--                   ---.@....|
 ............        .....^    |...-|   --.....|              ---    |.u....|
 ..--------.......-----.....|  |.|..--  |.....-----------------.------.G....|
 ---     --..............%..|  |.|-...| --..........................%.......-
         |.....-------..|.|.-  |*| --.-- ---.----------...----..----%.(......
         |......--   |..|.|...-|.|  |..|   |.---       ....  |.--- --...
         |.......|   --...|....|.|   -.|   |...|       ...- --.|.-- |....-
         ----....|    --....>..|*|   |.|   ---.|       -..- |......--....|
            --.---     |..----.|.|   |.|     |.|       |...--....(.......--
             ---       |..|  |...--  |.|     |.|       |..................--
                       ----  --...|  |.......|.--      ---..............G..---
                              --.--  |..........|              |..............|
                               ---   --..|`.....|              |...----.......|
                                                               --..|   --.--*--
                                                                ----    ------
BSL2425737 the Skirmisher   St:16 Dx:15 Co:17 In:8 Wi:8 Ch:9  Lawful
Dlvl:4  $:65 HP:0(48) Pw:8(8) AC:6  Xp:4 T:2028 

Latest messages:
 You are conscious again.
 The giant rat misses!
 You kill the giant rat!
 Welcome to experience level 4.
 You see here a square amulet.
 You see here a square amulet.
 t - a square amulet.
 The kitten bites!
 The kitten bites!
 You miss the kitten.
 The kitten bites!
 The kitten bites!
 You hit the kitten!
 The kitten bites!
 The kitten bites!
 You hit the kitten!
 The kitten bites!
 The kitten bites!
 You miss the kitten.
 The kitten bites!
 You kill the kitten!
 You see here a kitten corpse.
 You see here a kitten corpse.
 You have a little trouble lifting a kitten corpse.  Continue? [ynq] (q) n
 You see here a tin opener.
 Really step into that teleportation trap? [yn] (n) n
 You hit the iguana.
 You miss the iguana.
 The iguana bites!
 You hit the iguana!
 The iguana bites!
 You kill the iguana!
 You hit the pony!
 The pony just misses!
 The pony bites!
 You hit the pony.
 The pony kicks!
 The pony bites!
 You miss the pony.
 The pony kicks!
 The pony bites!
 You miss the pony.
 The pony kicks!
 The pony bites!
 You die...
 Do you want your possessions identified? [ynq] (y) y
 Do you want to see your attributes? [ynq] (y) n
 Do you want an account of creatures vanquished? [ynaq] (y) n
 Do you want to see your conduct and achievements? [ynq] (y) n
 Do you want to see the dungeon overview? [ynq] (y) y

Inventory:
 Coins    ('$')
  $ - 65 gold pieces
 Amulets  ('"')
  t - an uncursed amulet of guarding
 Weapons  (')')
  b - a +0 dagger (alternate weapon; not wielded)
  a - a +1 dwarvish spear (weapon in right hand)
  m - a +0 orcish dagger
 Armor    ('[')
  n - an uncursed +0 orcish helm
  q - an uncursed +0 orcish helm
  c - an uncursed +3 small shield (being worn)
  f - a blessed +0 plate mail
  j - an uncursed +0 studded leather armor
 Scrolls  ('?')
  o - an uncursed scroll of magic mapping
 Rings    ('=')
  k - an uncursed ring of fire resistance
 Wands    ('/')
  s - a wand of opening (0:8)
 Tools    ('(')
  e - an uncursed oil lamp
 Gems/Stones  ('*')
  p - an uncursed worthless piece of blue glass
  r - an uncursed worthless piece of orange glass

BSL2425737 the Valkyrie's attributes:

Background:
 You were a Skirmisher, a level 4 dwarven Valkyrie.
 You were lawful, nominally on a mission for Tyr
 who was opposed by Odin (neutral) and Loki (chaotic).
 You were right-handed.
 You were in the Gnomish Mines, on level 4.
 You entered the dungeon 2028 turns ago.
 You had 93 experience points, 67 more were needed to attain level 5.

Basics:
 You had 0 out of 48 hit points.
 You had all 8 energy points (spell power).
 Your armor class was 6.
 Your wallet contained 65 zorkmids.
 Autopickup was off.

Final Characteristics:
 Your strength was 16 (peak:18, limit:18/100).
 Your dexterity was 15 (limit:20).
 Your constitution was 17 (limit:20).
 Your intelligence was 8 (limit:16).
 Your wisdom was 8 (limit:16).
 Your charisma was 9 (limit:16).

Final Status:
 You weren't hungry.
 You were unencumbered.
 You were wielding a spear.
 You had basic skill with spear.

Final Attributes:
 You were piously aligned.
 You were cold resistant.
 You had infravision.
 You were stealthy.
 You are dead.

Miscellaneous:
 You didn't encounter any bones levels.
 Total elapsed playing time was 58 minutes and 5 seconds.

Major events:
 Turn
    1: BSL2425737 the lawful dwarven Valkyrie entered the dungeon
  685: attained the rank of Skirmisher (level 3)
 1291: entered the Gnomish Mines
 2028: killed by a pony

You didn't know any spells.

Skills:
 Fighting Skills
   bare handed combat [Unskilled]
   two weapon combat  [Unskilled]
   riding             [Unskilled]
 Weapon Skills
   dagger             [Basic]
   axe                [Unskilled]
   pick-axe           [Unskilled]
   short sword        [Unskilled]
   broadsword         [Unskilled]
   long sword         [Unskilled]
   two-handed sword   [Unskilled]
   saber              [Unskilled]
   hammer             [Unskilled]
   quarterstaff       [Unskilled]
   polearms           [Unskilled]
   spear              [Basic]
   trident            [Unskilled]
   lance              [Unskilled]
   sling              [Unskilled]
 Spellcasting Skills
   attack spells      [Unskilled]
   escape spells      [Unskilled]

Voluntary challenges:
 Character rerolling was not enabled.
 You were an atheist.
 You were illiterate.
 You never genocided any monsters.
 You never polymorphed an object.
 You never changed form.
 You used no wishes.
Achievements:
 You attained the rank of Skirmisher.
 You entered the Gnomish Mines.

 The Dungeons of Doom: levels 1 to 3
    Level 1:
       A fountain.
    Level 2:
       A sink.
    Level 3:
       Some fountains.
       Stairs down to The Gnomish Mines.
 The Gnomish Mines:
    Level 4: <- You were here.
       Final resting place for
          you, killed by a pony.


Vanquished creatures:
  a little dog
  a kitten
  2 iguanas
 an acid blob
  2 coyotes
  a hobbit
  5 giant rats
  a cave spider
  a yellow mold
  a gnome
  a gecko
  4 jackals
  a fox
  a kobold
  2 goblins
  2 sewer rats
  7 grid bugs
  a bat
  3 lichens
  5 newts
43 creatures vanquished.

No species were genocided or became extinct.

Game over:
                       ----------
                      /          \
                     /    REST    \
                    /      IN      \
                   /     PEACE      \
                  /                  \
                  |    BSL2425737    |
                  |      65 Au       |
                  | killed by a pony |
                  |                  |
                  |                  |
                  |                  |
                  |       2026       |
                 *|     *  *  *      | *
        _________)/\\_//(\/(/\)/\//\/|_)_______

Farvel BSL2425737 the Valkyrie...

You died in The Gnomish Mines on dungeon level 4 with 581 points,
and 65 pieces of gold, after 2028 moves.
You were level 4 with a maximum of 48 hit points when you died.

